 Seeded DCSS version 0.28.0-45-g0d030f2227 (webtiles) character file.

Game seed: 12438630275245706108 (custom seed)

18 zeratav the Changer (level 2, -2/18 HPs)
             Began as an Octopode Transmuter on Apr 19, 2022.
             Succumbed to an adder's poison
             ... on level 2 of the Dungeon.
             The game lasted 00:01:45 (1097 turns).

zeratav the Changer (Octopode Transmuter)           Turns: 1097, Time: 00:01:46

Health: -2/18      AC:  1    Str:  9    XL:     2   Next: 70%
Magic:  12/14      EV: 13    Int: 15    God:
Gold:   70         SH:  0    Dex: 12    Spells: 4/5 levels left

rFire   . . .      SeeInvis .     - Unarmed
rCold   . . .      Faith    .   (no shield)
rNeg    . . .      Spirit   .   (helmet currently unavailable)
rPois   .          Reflect  .   (no amulet)
rElec   .          Harm     .   a - ring of magical power
rCorr   .          Rampage  .   (no ring)
Will    .....                   (no ring)
Stlth   ++........              (no ring)
HPRegen 0.06/turn               (no ring)
MPRegen 0.14/turn               (no ring)
                                (no ring)
                                (no ring)

@: lethally poisoned (-2 -> -15), appendages
A: tentacle spike 3, almost no armour, amphibious, 8 rings, camouflage 1,
gelatinous body 1, (nimble swimmer 1), tentacles
a: End Transformation


You were on level 2 of the Dungeon.
One of your tentacles had grown a beastly spike.
You visited 1 branch of the dungeon, and saw 2 of its levels.

You collected 70 gold pieces.


Innate Abilities, Weirdness & Mutations

One of your tentacles has grown a beastly spike.
You cannot wear most types of armour.
You are amphibious.
You can wear up to eight rings at the same time.
Your skin changes colour to match your surroundings (Stealth+).
Your rubbery body absorbs attacks. (AC +1, EV +1)
((You are camouflaged when in or above water. (Stealth+)))
You have tentacles for arms and can constrict up to eight enemies at once.


   Skills:
 - Level 1.0 Fighting
 - Level 2.0 Dodging
 - Level 3.0 Unarmed Combat
 - Level 2.0 Spellcasting
 + Level 3.2 Transmutations


You had 4 spell levels left.
You knew the following spells:

 Your Spells              Type           Power      Damage    Failure   Level
a - Beastly Appendage     Tmut           22%        N/A       6%          1

Your spell library contained the following spells:

 Spells                   Type           Power      Damage    Failure   Level
 Wereblood                Tmut           11%        N/A       9%          2
 Spider Form              Tmut/Pois      6%         N/A       34%         3
 Ice Form                 Ice/Tmut       6%         N/A       75%         4

Inventory:

Jewellery
 a - a ring of magical power (left tentacle)
   (You found it on level 1 of the Dungeon)
Scrolls
 b - 3 scrolls of identify {unknown}
 c - a scroll of vulnerability {unknown}
 d - a scroll of blinking {unknown}

Dungeon Overview and Level Annotations

Branches:
Dungeon (2/15)

Altars:

Shops:
D:1

= ### ..#
#.###
.#######.S.#
J......@<#
.#.......#
#.#####.#
#.# #.# ..#
###


You could see an adder and an endoplasm (asleep).


Message History

Your transformation is almost over.
Your tentacle spike disappears.
You now have 61 gold pieces (gained 16).
A kobold comes into view. It is wielding a +0 short sword.
HP[+3] MP[+1]
Your hp is fully restored (18).
Your mp is fully restored (14).
A kobold is nearby!
One of your tentacles grows a vicious spike.
MP[-1]
You lost 1 mp, and now have 13/14 mp.
A rat comes into view.
MP[+1]
Your mp is fully restored (14).
The helpless kobold fails to defend itself.
You tentacle-slap the kobold.
You kill the kobold!
Your transformation is almost over.
You closely miss the rat. You grab the rat. You constrict the rat.
The rat barely misses you.
You barely miss the rat.
You pierce the rat.
You kill the rat!
No target in view!
No target in view!
No target in view!
No target in view!
No target in view!
Things that are here:
a +0 short sword {short}; a kobold corpse You now have 70 gold pieces (gained 9).
Your tentacle spike disappears.
A goblin comes into view. It is wielding a +0 club.
A goblin is nearby!
One of your tentacles grows a vicious spike.
The goblin shouts!
MP[-1]
You lost 1 mp, and now have 13/14 mp.
The goblin hits you with a +0 club.
HP[-2]
You take 2 damage, and now have 16/18 hp.
You tentacle-slap the goblin. Your grab misses the goblin.
The goblin closely misses you.
You tentacle-slap the goblin.
You kill the goblin!
Your transformation is almost over.
No target in view!
No target in view!
No target in view!
No target in view!
Your tentacle spike disappears.
Things that are here:
a +0 club {mace}; a goblin corpse; HP[+2] MP[+1]
Your hp is fully restored (18).
Your mp is fully restored (14).
Done exploring.
Done exploring.
(D) Dungeon
Where to? (? - help)
There is a stone staircase leading down here.
You climb downwards.
There is a stone staircase leading up here.
An adder is nearby!
You can't go down here!
One of your tentacles grows a vicious spike.
The adder hisses angrily.
The adder bites you.
You are poisoned.
The adder poisons you!
HP[-2] MP[-1]
You take 2 damage, and now have 16/18 hp.
You lost 1 mp, and now have 13/14 mp.
You closely miss the adder. Your grab misses the adder.
Your tentacle spike misses the adder.
You squeeze the adder.
You feel sick. The adder bites you.
You are lethally poisoned!
The adder poisons you!
HP[-4]
You take 4 damage, and now have 12/18 hp.
MASSIVE DAMAGE!! (PAUSE)
You are too injured to fight recklessly!
Casting: Beastly Appendage (safe; 6% risk of failure)
Confirm with . or Enter, or press ? or * to list all spells.
You fail to extend your transformation any further.
* * * LOW HITPOINT WARNING * * *
You feel very sick. The adder bites you.
* * * LOW HITPOINT WARNING * * *
HP[-5] MP[-1]
You take 5 damage, and now have 7/18 hp.
MASSIVE DAMAGE!! (PAUSE)
You lost 1 mp, and now have 12/14 mp.
You closely miss the adder. Your grab misses the adder.
* * * LOW HITPOINT WARNING * * *
You feel sick. The adder misses you. The adder bites you.
* * * LOW HITPOINT WARNING * * *
You are more poisoned.
The adder poisons you!
HP[-6]
You take 6 damage, and now have 1/18 hp.
MASSIVE DAMAGE!! (PAUSE)
An endoplasm comes into view.
You die...

Skill      XL: |  1  2 |
---------------+-------+-----
Transmutations | 3 |  3.2
Fighting       | |  1.0
Dodging        | |  2.0
Unarmed Combat | |  3.0
Spellcasting   | |  2.0

Action                   || total
-------------------------++-------
Melee: Unarmed           ||    39
       Constrict         ||     6
       Kick              ||     7
       Tentacles         ||     4
 Cast: Beastly Appendage ||    16
 Stab: Sleeping          ||     4
Armor: Skin              ||     8
Dodge: Dodged            ||    22

Levels and vault maps discovered:
D:1:      minmay_arrival_split_and_join, layout_basic,
          hellmonk_ecumenical_altar_arch_garden, nicolae_shop_unique_rings
D:2:      layout_basic, serial_glass, glass_columns_b, glass_columns_c,
          serial_shops, nicolae_diamond_shop, patterned_corridor, uniq_terence,
          uniq_natasha

Notes
Turn   | Place    | Note
-------+----------+-------------------------------------------
     0 | D:1      | zeratav the Octopode Transmuter began the quest for the
                  | Orb.
     0 | D:1      | Reached XP level 1. HP: 13/13 MP: 3/3
     0 | D:1      | magus.rc [v1.9.6]
   514 | D:1      | Found Fetet's One-of-a-Kind Rings.
   619 | D:1      | Reached XP level 2. HP: 17/18 MP: 5/5
   754 | D:1      | Found a faded altar of an unknown god.
   835 | D:1      | Reached skill level 3 in Transmutations
  1096 | D:2      | HP: 1/18 [adder (4)]
  1097 | D:2      | Succumbed to an adder's poison

Vanquished Creatures
  2 bats (D:1)
  3 endoplasms (D:1)
  2 goblins (D:1)
  A hobgoblin (D:1)
  2 quokkas (D:1)
  3 ball pythons (D:1)
  A kobold (D:1)
  2 rats (D:1)
16 creatures vanquished.

Table legend:
 A = Non-vault XP
 B = Vault XP
 C = Vault XP percentage of total XP
 D = Non-vault monster count
 E = Vault monster count
 F = Vault count percentage of total count
                 A         B        C        D         E       F
            +---------+---------+-------+---------+---------+-------
      Total |      27 |       0 |   0.0 |      16 |       0 |   0.0
            +---------+---------+-------+---------+---------+-------
        D:1 |      27 |       0 |   0.0 |      16 |       0 |   0.0
            +---------+---------+-------+---------+---------+-------

Illustrated notes

Table legend:
 A = Kills in this place as a percentage of kills in entire the game.
 B = Kills by you in this place as a percentage of kills by you in the entire game.
 C = Kills by friends in this place as a percentage of kills by friends in the entire game.
 D = Other kills in this place as a percentage of other kills in the entire game.
 E = Experience gained in this place as a percentage of experience gained in the entire game.
 F = Experience gained in this place divided by the number of levels of this place that you have seen.
                   A       B       C       D       E      F
               +-------+-------+-------+-------+-------+----------------------
         Total | 100.0 | 100.0 |   N/A |   N/A | 100.0 |  13.5
       Dungeon | 100.0 | 100.0 |   N/A |   N/A | 100.0 |  13.5
               +-------+-------+-------+-------+-------+----------------------

Table legend: (Time is in decaauts)
 A = Elapsed time spent in this place.
 B = Non-inter-level travel time spent in this place.
 C = Inter-level travel time spent in this place.
 D = Time resting spent in this place.
 E = Time spent auto-exploring this place.
 F = Levels seen in this place.
 G = Mean time per level.
                   A        B        C        D        E       F      G
               +--------+--------+--------+--------+--------+-----+--------+
         Total |   1093 |   1068 |     25 |      0 |    941 |   2 |  546.5 |
       Dungeon |   1093 |   1068 |     25 |      0 |    941 |   2 |  546.5 |
               +--------+--------+--------+--------+--------+-----+--------+

Top non-repeatable levels by time:
     D:1: 1088 daAuts
     D:2: 4 daAuts
